 Dungeon Crawl Stone Soup version 0.28.0-47-ge53b351184 (webtiles) character file.

Game seed: 5727936877488863899

2 101zpm the Magician (level 1, -2/15 HPs)
             Began as a Djinni Fire Elementalist on Apr 30, 2022.
             Slain by an adder (4 damage)
             ... on level 2 of the Dungeon.
             The game lasted 00:00:32 (296 turns).

101zpm the Magician (Djinni Fire Elementalist)       Turns: 296, Time: 00:00:33

Health: -2/15      AC:  2    Str:  7    XL:     1   Next: 33%
Gold:   33         EV: 12    Int: 16    God:
                   SH:  0    Dex: 13

rFire   + + .      SeeInvis .   (no weapon)
rCold   x . .      Faith    .   (no shield)
rNeg    . . .      Spirit   .   a - +0 robe
rPois   ∞          Reflect  .   (no helmet)
rElec   .          Harm     .   (no cloak)
rCorr   .          Rampage  .   (no gloves)
Will    .....                   (boots unavailable)
Stlth   ++........              (no amulet)
HPRegen 0.05/turn               (no ring)
MPRegen 0.00/turn               (no ring)

@: flying, very slightly contaminated
A: sickness immunity, fire resistance 2, cold vulnerability 1, float, innate
caster, HP casting, extra vitality 1
a: no special abilities


You were on level 2 of the Dungeon.
You visited 1 branch of the dungeon, and saw 2 of its levels.

You collected 33 gold pieces.

Inventory:

Armour
 a - a +0 robe (worn)
 b - a +0 cloak
Potions
 c - a potion of lignification {unknown}


   Skills:
 + Level 2.1 Dodging
 + Level 1.5 Stealth
 + Level 2.5 Spellcasting


You couldn't memorise any spells.
You knew the following spells:

 Your Spells              Type           Power      Damage    Failure   Level
a - Foxfire               Conj/Fire      40%        2x1d6     7%          1
b - Scorch                Fire           20%        2d6       11%         2
c - Conjure Flame         Conj/Fire      10%        6-21      22%         3
d - Inner Flame           Hex/Fire       10%        N/A       22%         3
e - Flame Wave            Conj/Fire      10%        2d5       56%         4
Your spell library was empty.

Dungeon Overview and Level Annotations

Branches:
Dungeon (2/15)

Altars:


Innate Abilities, Weirdness & Mutations

You are immune to sickness and miasma.
You are immune to poison.
Your flesh is very heat resistant. (rF++)
You are vulnerable to cold. (rC-)
You float through the air rather than walking.
You learn spells naturally, not from books.
Your magical power is your life essence.
You have superior vitality. (+4 MHP)


Message History

You kill the bat!
Your foxfire dissipates!
Your foxfire dissipates! x2
There is an open door here.
You see here a bat corpse.
c - a fizzy dark potion You now have 19 gold pieces (gained 7).
You now have 33 gold pieces (gained 14).
Found a hunting sling.
You see here a +0 hunting sling.
An adder comes into view.
An adder is nearby!
You conjure some foxfire!
The adder hisses angrily.
You conjure some foxfire!
The foxfire hits the adder.
The adder is lightly wounded.
You conjure some foxfire!
The foxfire hits the adder.
The adder is heavily wounded.
There is not enough space to conjure foxfire!
Your foxfire dissipates!
The foxfire hits the adder.
The adder is severely wounded.
You miscast Foxfire.
You are very lightly contaminated with residual magic.
Nothing appears to happen.
The adder bites you. The adder barely misses you.
You are too injured to fight recklessly!
Casting: Foxfire (safe; 7% risk of failure)
Press: ? - help, Q - select action, (/) - cycle Dir - look around, f - activate You conjure some foxfire!
The adder bites you.
* * * LOW HITPOINT WARNING * * *
Your foxfire dissipates!
The foxfire hits the adder.
The adder is severely wounded.
Casting: Foxfire (safe; 7% risk of failure)
Press: ? - help, Q - select action, (/) - cycle Dir - look around, f - activate You conjure some foxfire!
* * * LOW HITPOINT WARNING * * *
The adder bites you.
You die...

#.# #.# #####.###
#.......##########
#.##.........)...#
#.#.....########.#
#.##...## #.#
..###.## #v# ###
#.# #@## #.# #Sv#
#+# ##.# #.# #.#
#.# ..# + ..# #
..#


You could see an adder (ally target).

Vanquished Creatures
  2 bats (D:2)
2 creatures vanquished.

Vanquished Creatures (others)
  11 foxfires (D:2)
11 creatures vanquished.

Grand Total: 13 creatures vanquished

Notes
Turn   | Place    | Note
-------+----------+-------------------------------------------
     0 | D:1      | 101zpm the Djinni Fire Elementalist began the quest for the
                  | Orb.
     0 | D:1      | Reached XP level 1. HP: 15/15 MP: 0/0
   296 | D:2      | Slain by an adder

Illustrated notes

Levels and vault maps discovered:
D:1:      dpeg_arrival_leaves_temple_mockup, layout_loops_ring, serial_shops,
          shop
D:2:      layout_loops_corners, basic_altar

Action                   || total
-------------------------++-------
 Cast: Foxfire           ||     9
Armor: Robe              ||     4
Dodge: Dodged            ||     5
